 Dungeon Crawl Stone Soup version 0.32-a0-656-g3542139ebd (webtiles) character file.

Game seed: 9504224712199216060

675 Dittersdorf the Trooper (level 7, -8/44 HPs)
             Began as a Gargoyle Fighter on Mar 8, 2024.
             Was an Initiate of Gozag.
             Mangled by an ice beast (14 damage)
             ... on level 5 of the Dungeon.
             The game lasted 00:03:17 (4356 turns).

Dittersdorf the Trooper (Gargoyle Fighter)          Turns: 4356, Time: 00:03:17

Health: -8/44      AC: 12    Str: 21    XL:     7   Next: 59%
Magic:  7/7        EV:  9    Int:  9    God:    Gozag
Gold:   179        SH: 10    Dex:  9    Spells: 6/6 levels left

rFire   . . .        a - +0 flail
rCold   . . .        c - +0 buckler
rNeg    + + .        b - +0 scale mail
rPois   ∞            (no helmet)
rElec   +            (no cloak)
rCorr   .            (no gloves)
SInv    .            (no boots)
Will    .....        g - amulet of reflection Stlth
                     m - ring of positive energy
HPRegen 0.27/turn    (no ring)
MPRegen 0.10/turn

%: reflection
@: no status effects
A: sickness immunity, AC +4, negative energy resistance 1, electricity
resistance, torment resistance 1, petrification resistance
a: Renounce Religion, Potion Petition, Call Merchant, Bribe Branch


You were on level 5 of the Dungeon.
You worshipped Gozag.
Gozag was aware of your devotion.
You visited 2 branches of the dungeon, and saw 6 of its levels.

You collected 250 gold pieces.
You paid 71 gold pieces to Gozag.

Inventory:

Hand Weapons
 a - a +0 flail (weapon)
Missiles
 y - a throwing net (quivered)
Armour
 b - a +0 scale mail (worn)
 c - a +0 buckler (worn)
Jewellery
 g - an amulet of reflection (around neck)
 m - a ring of positive energy (left hand)
Scrolls
 h - 2 scrolls of immolation {unknown}
 i - 2 scrolls of identify {unknown}
 j - 2 scrolls of enchant weapon {unknown}
 k - 2 scrolls of torment {unknown}
 n - a scroll of amnesia {unknown}
 o - 2 scrolls of teleportation {unknown}
 u - a scroll of silence {unknown}
 v - a scroll of enchant armour {unknown}
 w - 3 scrolls of fog {unknown}
 x - 2 scrolls of vulnerability {unknown}
Potions
 d - a potion of might
 e - 2 potions of ambrosia {unknown}
 f - 2 potions of lignification {unknown}
 l - a potion of degeneration {unknown}
 p - 2 potions of heal wounds {unknown}
 q - a potion of invisibility {unknown}
 r - 3 potions of curing {unknown}
 s - a potion of resistance {unknown}
 t - a potion of brilliance {unknown}
 z - a potion of attraction {unknown}


   Skills:
 + Level 5.5 Fighting
 + Level 4.4 Maces & Flails
 + Level 5.4 Armour
 + Level 5.5 Shields


You had 6 spell levels left.
You didn't know any spells.
Your spell library contained the following spells:

 Spells                   Type           Power      Damage    Failure   Level
 Jinxbite                 Hex            0%         N/A       88%         2
 Tukima's Dance           Hex            0%         N/A       98%         3
 Dimensional Bullseye     Hex/Tloc       0%         N/A       100%        4
 Iskenderun's Mystic Bla  Conj/Tloc      0%         2d3       100%        4
 Yara's Violent Unravell  Hex/Alch       0%         3d3       100%        5
 Enfeeble                 Hex            0%         N/A       100%        7


Dungeon Overview and Level Annotations

Branches:
Dungeon (5/15)             Temple (1/1) D:5

Altars:
Ashenzari
Cheibriados
Dithmenos
Elyvilon
Fedhas
Gozag
Hepliaklqana
Makhleb
Nemelex Xobeh
Okawaru
Qazlal
Ru
Trog
Uskayaw
Vehumet
Wu Jian
Xom
Yredelemnul
Zin
The Shining One

Shops:
D:3 *   D:4 *

Annotations:
Temple 2 transporters


Innate Abilities, Weirdness & Mutations

You are immune to sickness and miasma.
Your stone body is resilient. (AC +4)
You are immune to poison.
You resist negative energy. (rN+)
You are resistant to electric shocks. (rElec)
You are resistant to unholy torment.
You are immune to petrification.


Message History

You are too injured to fight recklessly!
You are too injured to fight recklessly!
You are too injured to fight recklessly!
You are too injured to fight recklessly!
You are too injured to fight recklessly!
You are too injured to fight recklessly!
You are too injured to fight recklessly!
You are too injured to fight recklessly!
You are too injured to fight recklessly!
You are too injured to fight recklessly!
You sock the ice beast!
The ice beast is severely wounded.
The ice beast hits you. The ice beast freezes you!
* * * LOW HITPOINT WARNING * * *
You closely miss the ice beast.
The ice beast is severely wounded.
The ice beast completely misses you.
You barely miss the ice beast.
The ice beast is severely wounded.
The ice beast closely misses you.
You hit the ice beast.
The ice beast is almost dead.
The ice beast closely misses you.
The ice beast hits you but does no damage.
You hit the ice beast.
The ice beast is almost dead.
The ice beast misses you.
You closely miss the ice beast.
The ice beast is almost dead.
You block the ice beast's attack.
You hit the ice beast but do no damage.
The ice beast is almost dead.
The ice beast completely misses you.
You barely miss the ice beast.
The ice beast is almost dead.
The ice beast hits you.
* * * LOW HITPOINT WARNING * * *
The ice beast freezes you!
You die...
Your body crumbles into a pile of gold.

.# #....###### #.....## .#
...#....#...# #.....# ##
#..#....#...#######.....# ###
#..#....#....#....#.....# ..#
#..#....#....#..........# ..#
#..#....#... #..........# ..#
#..#....#.. ######.###### ..#
#..#....#Y###......###
..######'##....#@..#........#####
....#.....#....'.≈≈≈≈≈≈≈≈........
....#.....#....#.≈.......#######.
....###...#....#.≈.######......#.
....###...#....#.≈.#.....≈≈≈≈≈.#.
..........'....##≈.#.≈≈≈≈....≈.#.
..........#......≈.#.≈...###.≈.#.
..........#......≈.#.≈.##._#.≈.#.
###########......≈.#.≈.#...#.≈.#.


You could see an ice beast.

Vanquished Creatures
  A water moccasin zombie (D:4)
  A jelly (D:5)
  A centaur zombie (D:4)
  A bullfrog zombie (D:4)
  2 hounds
  2 bombardier beetles (D:5)
  An orc priest (D:5)
  An iguana (D:5)
  A scorpion zombie (D:4)
  3 orc wizards (D:5)
  A hound zombie (D:4)
  A hound skeleton (D:4)
  2 howler monkey zombies (D:4)
  12 adders
  2 ufetubi (D:5)
  2 ribbon worms
  2 dart slugs
  4 orcs
  2 endoplasms
  3 giant cockroaches
  5 goblins
  4 hobgoblins
  5 jackals
  A quokka (D:3)
  6 ball pythons
  A bat (D:1)
  3 frilled lizards
  6 kobolds
  3 rats
79 creatures vanquished.

Notes
Turn   | Place    | Note
-------+----------+-------------------------------------------
     0 | D:1      | Dittersdorf the Gargoyle Fighter began the quest for the
                  | Orb.
     0 | D:1      | Reached XP level 1. HP: 14/14 MP: 1/1
   244 | D:1      | Found a faded altar of an unknown god.
   249 | D:1      | Reached XP level 2. HP: 19/19 MP: 2/2
   753 | D:2      | Reached XP level 3. HP: 14/24 MP: 3/3
  1096 | D:2      | Reached XP level 4. HP: 29/29 MP: 4/4
  1690 | D:3      | Reached XP level 5. HP: 32/33 MP: 5/5
  1781 | D:3      | Found Binkyd's Assorted Antiques.
  1967 | D:4      | Reached XP level 6. HP: 10/39 MP: 6/6
  2122 | D:4      | Found an iron altar of Okawaru.
  2528 | D:4      | Found Ateaxzyw's General Store.
  2834 | D:5      | Entered Level 5 of the Dungeon
  2980 | D:5      | Reached skill level 5 in Fighting
  2980 | D:5      | Reached skill level 5 in Shields
  3131 | D:5      | Reached skill level 5 in Armour
  3131 | D:5      | Reached XP level 7. HP: 43/44 MP: 7/7
  4044 | D:5      | Found a staircase to the Ecumenical Temple.
  4064 | Temple   | Found a transporter.
  4064 | Temple   | Found a transporter.
  4064 | Temple   | Found a transporter.
  4064 | Temple   | Found a transporter.
  4064 | Temple   | Entered the Ecumenical Temple
  4079 | Temple   | Became a worshipper of Gozag Ym Sagoz the Greedy
  4303 | D:5      | Found a basalt altar of Yredelemnul.
  4304 | D:5      | Found a bloodstained altar of Trog.
  4356 | D:5      | Mangled by an ice beast

Illustrated notes

Levels and vault maps discovered:
D:1:      wheals_arrival_shading, layout_basic, serial_curves, eino_curves_04,
          eino_curves_04, hellmonk_ecumenical_altar_heavens_door
D:2:      layout_loops_ring
D:3:      layout_rooms, serial_shops, shop, minmay_misc_feat_more_columns
D:4:      layout_gridville, mainiacjoe_overflow_cross_hatched, serial_undead,
          serial_undead_b, serial_undead_b, serial_undead_b, serial_undead_a,
          serial_shops, shop
D:5:      layout_gridville, nicolae_overflow_squiral, minmay_temple_entry_waves
Temple:   hellmonk_temple_divided_pantheon

Skill      XL: |  1  2  3  4  5  6  7 |
---------------+----------------------+-----
Fighting       | 4 5 |  5.5
Shields        | 4 5 |  5.5
Armour         | 4 5 |  5.4
Maces & Flails | 3 4 |  4.4

Action                     |  1- 3 |  4- 6 |  7- 9 || total
---------------------------+-------+-------+-------++-------
  Melee: Flail             |    87 |   215 |   108 ||   410
 Armour: Scale mail        |    50 |   144 |   137 ||   331
  Dodge: Dodged            |    33 |   105 |    69 ||   207
  Block: Buckler           |    34 |   138 |    78 ||   250
         Reflection        |       |     2 |       ||     2

Table legend: (Time is in decaauts)
 A = Elapsed time spent in this place.
 B = Non-inter-level travel time spent in this place.
 C = Inter-level travel time spent in this place.
 D = Time resting spent in this place.
 E = Time spent auto-exploring this place.
 F = Levels seen in this place.
 G = Mean time per level.
                   A        B        C        D        E       F      G
               +--------+--------+--------+--------+--------+-----+--------+
         Total |   4466 |   4141 |    325 |    668 |   2663 |   6 |  744.3 |
       Dungeon |   4435 |   4136 |    299 |    668 |   2663 |   5 |  887.0 |
        Temple |     30 |      4 |     26 |      0 |      0 |   1 |   30.0 |
               +--------+--------+--------+--------+--------+-----+--------+

Top non-repeatable levels by time:
     D:5: 1426 daAuts
     D:4: 1030 daAuts
     D:1: 751 daAuts
     D:2: 672 daAuts
     D:3: 554 daAuts
  Temple: 30 daAuts
